 Dungeon Crawl Stone Soup version 0.20.1-1-g8b1a95d (webtiles) character file.

1304 Monsterracer the Chiller (level 8, -10/62 HPs)
             Began as a Black Draconian Ice Elementalist on Aug 25, 2017.
             Was a Follower of Vehumet.
             Mangled by an ogre
             ... wielding a +0 giant club
              (20 damage)
             ... on level 6 of the Dungeon.
             The game lasted 00:12:49 (5962 turns).

Monsterracer the Chiller (DrIE)                     Turns: 5962, Time: 00:12:50

Health: -10/62     AC: 10    Str: 10    XL:     8   Next: 31%
Magic:  12/15      EV: 12    Int: 18    God:    Vehumet [*.....]
Gold:   640        SH:  0    Dex: 12    Spells: 3/17 levels left

rFire    . . .     SeeInvis .   t - +3 quarterstaff (chaos)
rCold    . . .     Gourm    .   (shield currently unavailable)
rNeg     . . .     Faith    .   (armour unavailable)
rPois    +         Spirit   .   (helmet restricted)
rElec    +         Reflect  .   u - +2 cloak {rPois}
rCorr    .         Harm     .   n - +0 pair of gloves
MR       .....                  (no boots)
Stlth    ++........             g - amulet of magic regeneration
Regen    0.2/turn               (no ring)
MPRegen  0.3/turn               (no ring)

@: berserk cooldown, slowed, very slow
A: breathe lightning, unfitting armour, electricity resistance, wild magic 1,
cold-blooded, AC +6
a: Breathe Lightning, Renounce Religion


You were on level 6 of the Dungeon.
You worshipped Vehumet.
Vehumet was aware of your devotion.
You were near starving.

You visited 2 branches of the dungeon, and saw 7 of its levels.
You also visited: Ossuary.

You collected 694 gold pieces.
You spent 54 gold pieces at shops.

Inventory:

Hand Weapons
 t - a +3 quarterstaff of chaos (weapon)
Armour
 n - a +0 pair of gloves (worn)
 u - a +2 cloak of poison resistance (worn)
 y - a +0 buckler
Jewellery
 g - an amulet of magic regeneration (around neck)
 x - an uncursed amulet of faith {unknown}
Wands
 a - a wand of random effects (10/48)
 v - a wand of acid (10/15)
Scrolls
 h - a scroll of recharging
 k - 3 scrolls of remove curse
 l - 2 scrolls of teleportation
Potions
 c - 2 potions of berserk rage
 d - a potion of heal wounds {unknown}
 e - 2 potions of ambrosia
 f - 4 potions of curing
 i - a potion of agility {unknown}
 q - a potion of invisibility {unknown}
 r - 2 potions of resistance
 s - 2 potions of mutation
 w - a potion of flight {unknown}
 z - a potion of haste {unknown}
Books
 o - a book of Annihilations

   Spells                             Type                      Level
   a - Poison Arrow                   Conjuration/Poison           6
   b - Chain Lightning                Conjuration/Air              8
   c - Lehudib's Crystal Spear        Conjuration/Earth            8
   d - Glaciate                       Conjuration/Ice              9
   e - Fire Storm                     Conjuration/Fire             9
Comestibles
 b - 3 bread rations
 j - 2 royal jellies
 m - 3 meat rations
 p - 5 fruits


   Skills:
 + Level 2.7 Fighting
 - Level 1.7 Dodging
 - Level 1.7 Stealth
 + Level 5.0 Spellcasting
 + Level 2.6 Conjurations
 - Level 3.0 Summonings
 * Level 7.8 Ice Magic


You had 3 spell levels left.
You knew the following spells:

 Your Spells              Type           Power        Failure   Level  Hunger
a - Freeze                Ice            ####         1%          1    None
b - Throw Frost           Conj/Ice       ####..       4%          2    #......
c - Ozocubu's Armour      Chrm/Ice       ###.....     12%         3    ##.....
d - Summon Ice Beast      Ice/Summ       ####....     21%         4    ####...
e - Throw Icicle          Conj/Ice       ####....     22%         4    ####...


Dungeon Overview and Level Annotations

Branches:
Dungeon (6/15)             Temple (1/1) D:4

Altars:
Cheibriados
Dithmenos
Elyvilon
Fedhas
Gozag
Hepliaklqana
Kikubaaqudgha
Makhleb
Nemelex Xobeh
Okawaru
Qazlal
Ru
Sif Muna
Trog
Vehumet
Xom
Yredelemnul
Zin
The Shining One

Shops:
D:4 [


Innate Abilities, Weirdness & Mutations

You can breathe wild blasts of lightning.
Your glossy black scales are hard. (AC +6)
You cannot fit into any form of body armour.
You are resistant to electric shocks. (rElec)
You are cold-blooded and may be slowed by cold attacks.
Your spells are a little harder to cast, but a little more powerful.


Message History

The jackal skeleton barely misses your ice beast.
The ogre hits you with a giant club.
* * * LOW HITPOINT WARNING * * *
The jackal skeleton barely misses your ice beast.
The ogre closely misses you.
Huge Dmg: -8%(-5hp) hp: 7%(4hp)
Casting: Summon Ice Beast
Confirm with . or Enter, or press ? or * to list all spells.
Okay, then.
Evoke which item? (* to show all) (? for menu, Esc to quit)
Okay, then.
You feel better.
The jackal skeleton barely misses your ice beast.
The ogre barely misses you.
Your ice beast hits the ogre.
Your ice beast freezes the ogre!
The jackal skeleton closely misses your ice beast.
You barely miss the ogre. You tail-slap the ogre.
The ogre is severely wounded.
The ogre hits you with a giant club!!
You die...

### ).# #.# #####
... ....## ### #.#
#.#.. ..# #.# #.#.#
#.#
####.#.#####.#.#
#.#
........Z.##....#
#.#
#####.#.#YO@....#
#.#
#.#.####....####.#
# #.#####.#.##...##
%.........#..#..##
#.#####.....###..##
#.# ##.#..##.##..##
.. .....##..^##..##
###..##.....##..#
#.#####'#####.#


You could see an ogre, a jackal skeleton and a friendly ice beast.

Vanquished Creatures
  Sigmund (D:5)
  The ghost of BGT the Sneak, an amateur SpEn (Ossuary)
  A sky beast (D:5)
  An ice beast (D:5)
  A bullfrog (D:5)
  Blork the orc (D:4)
  A crimson imp (D:5)
  A hound (D:4)
  A centaur skeleton (D:4)
  An orc priest (D:5)
  Crazy Yiuf (D:2)
  A bullfrog skeleton (D:6)
  An iguana (D:5)
  Natasha (twice) (D:2)
  3 worker ants (D:4)
  5 big kobold zombies (Ossuary)
  A hound skeleton (D:5)
  A mummy (Ossuary)
  A worker ant zombie (D:5)
  5 adders
  An adder skeleton (D:5)
  3 worms
  A dart slug (D:2)
  6 orcs
  A ball python (D:3)
  9 bats
  3 giant cockroaches
  8 goblins
  8 hobgoblins
  15 jackals
  7 kobolds
  3 quokkas
  A frilled lizard (D:2)
  2 gnoll zombies (Ossuary)
  A goblin zombie (Ossuary)
  5 rats
105 creatures vanquished.

Vanquished Creatures (collateral kills)
  An ice beast (D:5)
  A human zombie (Ossuary)
  A mummy (Ossuary)
  A gnoll zombie (Ossuary)
  A goblin zombie (Ossuary)
  A hobgoblin zombie (Ossuary)
  2 orc zombies (Ossuary)
8 creatures vanquished.

Grand Total: 113 creatures vanquished

Notes
Turn   | Place    | Note
-------+----------+-------------------------------------------
     0 | D:1      | Monsterracer the Draconian Ice Elementalist began the quest for the Orb.
     0 | D:1      | Reached XP level 1. HP: 14/14 MP: 3/3
   136 | D:1      | Reached XP level 2. HP: 19/20 MP: 0/5
   143 | D:1      | HP: 10/20 [kobold/short sword (1)]
   223 | D:1      | Learned a level 2 spell: Throw Frost
   756 | D:2      | Found a shadowy altar of Dithmenos.
   768 | D:2      | Noticed Natasha
   773 | D:2      | HP: 9/20 [jackal (2)]
  1018 | D:2      | Reached XP level 3. HP: 22/26 MP: 1/6
  1061 | D:2      | Learned a level 3 spell: Ozocubu's Armour
  1099 | D:2      | Reached skill level 4 in Ice Magic
  1126 | D:2      | HP: 11/26 [Natasha (8)]
  1127 | D:2      | Killed Natasha
  1651 | D:2      | Noticed Natasha
  1659 | D:2      | Killed Natasha
  1659 | D:2      | Reached XP level 4. HP: 21/33 MP: 2/8
  1663 | D:2      | HP: 16/33 [kobold/short sword (6)]
  2022 | D:2      | HP: 14/33 [worm (8)]
  2349 | D:2      | Found a runed door.
  2354 | D:2      | Noticed Crazy Yiuf
  2359 | D:2      | Killed Crazy Yiuf
  2359 | D:2      | Reached skill level 5 in Ice Magic
  2458 | D:3      | Reached XP level 5. HP: 34/38 MP: 9/9
  2682 | D:3      | Learned a level 4 spell: Summon Ice Beast
  3119 | D:4      | Noticed Blork the orc
  3131 | D:4      | HP: 19/38 [Blork the orc/magic dart (8)]
  3392 | D:4      | Killed Blork the orc
  3392 | D:4      | Reached skill level 1 in Summonings
  3429 | D:4      | HP: 18/38 [adder (4)]
  3430 | D:4      | Reached XP level 6. HP: 21/45 MP: 7/11
  3435 | D:4      | HP: 17/45 [poisoned by an adder]
  3440 | D:4      | HP: 15/45 [poisoned by an adder]
  3445 | D:4      | HP: 14/45 [poisoned by an adder]
  3452 | D:4      | HP: 13/45 [poisoned by an adder]
  3460 | D:4      | HP: 12/45 [poisoned by an adder]
  3704 | D:4      | Found Omack's Armour Shoppe.
  3711 | D:4      | Bought a +0 pair of gloves for 54 gold pieces
  3828 | D:4      | Found a staircase to the Ecumenical Temple.
  3892 | Temple   | Entered the Ecumenical Temple
  3986 | Temple   | Became a worshipper of Vehumet
  4185 | D:4      | Reached skill level 6 in Ice Magic
  4377 | D:5      | Entered Level 5 of the Dungeon
  4457 | D:5      | Noticed Sigmund
  4465 | D:5      | Killed Sigmund
  4465 | D:5      | Your scales start taking on a glossy black colour.
  4465 | D:5      | Reached XP level 7. HP: 50/50 MP: 3/13
  4465 | D:5      | Gained mutation: You are resistant to electric shocks. (rElec) [Black Draconian growth]
  4472 | D:5      | Learned a level 4 spell: Throw Icicle
  4673 | D:5      | Gained mutation: Your spells are a little harder to cast, but a little more powerful. [mutagenic meat]
  5206 | D:5      | Reached skill level 1 in Fighting
  5206 | D:5      | Reached skill level 7 in Ice Magic
  5562 | D:5      | Reached XP level 8. HP: 51/61 MP: 13/15
  5733 | D:6      | Found a sand-covered staircase.
  5751 | Ossuary  | Entered an ossuary
  5751 | Ossuary  | Noticed BGT's ghost (amateur SpEn)
  5754 | Ossuary  | Killed BGT's ghost
  5778 | Ossuary  | Reached * piety under Vehumet
  5778 | Ossuary  | Offered knowledge of Magic Dart by Vehumet.
  5946 | D:6      | Reached skill level 5 in Spellcasting
  5954 | D:6      | HP: 8/62 [ogre/giant club (25)]
  5960 | D:6      | HP: 4/62 [ogre/giant club (5)]
  5962 | D:6      | Mangled by an ogre

Skill      XL: |  1  2  3  4  5  6  7  8 |
---------------+-------------------------+-----
Ice Magic      | 4 5 6 7 |  7.8
Spellcasting   | 3 4 5 |  5.0
Summonings     | 1 2 3 |  3.0
Fighting       | 2 |  2.7
Conjurations   | 2 |  2.6
Dodging        | |  1.7
Stealth        | |  1.7

Action                   |  1- 3 |  4- 6 |  7- 9 || total
-------------------------+-------+-------+-------++-------
Melee: Whip              |    21 |       |       ||    21
       Short sword       |    24 |    19 |       ||    43
       Tailslap          |     6 |     3 |     7 ||    16
       Quarterstaff      |       |    67 |   115 ||   182
 Cast: Freeze            |    44 |    55 |    18 ||   117
       Ozocubu's Armour  |       |     3 |     2 ||     5
       Throw Frost       |       |     3 |     2 ||     5
       Summon Ice Beast  |       |       |     6 ||     6
  Use: Scroll            |       |    14 |     3 ||    17
       Potion            |       |       |     2 ||     2
 Stab: Sleeping          |     1 |     5 |     1 ||     7
       Distracted        |       |       |     1 ||     1
  Eat: Chunk             |     2 |    10 |     6 ||    18
Armor: Skin              |    22 |    73 |    73 ||   168
Dodge: Dodged            |    60 |    99 |   112 ||   271
